Cogmind - Beta 9.2 @@@ ROGUE MODE // 2019.11.26 @ 22:16:27 Player: GammaGradiation Result: Destroyed by G-47 Trooper with Particle Gun Performance ------------- Evolutions (2) 1000 Regions Visited (3) 600 Robots Destroyed (54) 270 Value Destroyed (1428) 1428 Prototype IDs (3) 60 Alien Tech Used (0) 0 Bonus (67) 67 TOTAL SCORE: 3425 Bonus ------- High Alert Combat Kills 67 Cogmind --------- Core Integrity 0/550 Matter 300/300 Energy 100/100 System Corruption 2% Temperature Cool (9) Movement Core (300) Ox5 Location -8/Materials Parts ------- > --- POWER (1) -------- (None) > --- PROPULSION (4) --- (None) > --- UTILITY (3) ------ Large Storage Unit > --- WEAPON (3) ------- (None) > --- INVENTORY (10) --- Ion Engine Improved Ion Engine Light Nuclear Core Light Nuclear Core Large Storage Unit Improved Signal Interpreter Peak State ------------ > --- POWER ------------ Cooled Ion Engine > --- PROPULSION ------- Aluminum Leg Aluminum Leg Aluminum Leg Aluminum Leg > --- UTILITY ---------- Heat Sink Heat Sink Large Storage Unit > --- WEAPON ----------- Improved EM Shotgun Shotgun Shotgun > --- INVENTORY -------- Ion Engine Improved Ion Engine Aluminum Leg Improved Aluminum Leg Large Storage Unit Improved Signal Interpreter Improved Medium Laser Grenade Launcher [Rating: 18] Favorites ----------- Power Ion Engine Engine Ion Engine Power Core Light Nuclear Core Propulsion Aluminum Leg Leg Aluminum Leg Utility Heat Sink Device Heat Sink Storage Large Storage Unit Weapon Shotgun Energy Gun EM Pulse Gun Ballistic Gun Shotgun Launcher Grenade Launcher Build | -11 -10 -9 -8 ------- Run | Scr Mat Mat Mat Slots Evolved 4 | . . 2 2 Power . | . . . . Propulsion 2 | . . 1 1 Utility 1 | . . . 1 Weapon 1 | . . 1 . Parts Attached 50 | 6 10 18 16 Power 3 | 1 . 1 1 Engine 2 | 1 . 1 . Core 1 | . . . 1 Reactor . | . . . . Propulsion 15 | 2 2 4 7 Treads . | . . . . Leg 15 | 2 2 4 7 Wheel . | . . . . Hover . | . . . . Flight . | . . . . Utility 5 | 1 2 1 1 Device 3 | . 1 1 1 Storage 2 | 1 1 . . Processor . | . . . . Hackware . | . . . . Protection . | . . . . Artifact . | . . . . Weapon 27 | 2 6 12 7 Energy Gun 17 | 1 2 8 6 Energy Cannon . | . . . . Ballistic Gun 7 | 1 4 2 . Ballistic Cannon . | . . . . Launcher 3 | . . 2 1 Special Weapon . | . . . . Impact Weapon . | . . . . Slashing Weapon . | . . . . Piercing Weapon . | . . . . Special Melee Weapon . | . . . . Unidentified Prototypes 3 | . . 3 . Parts Lost 29 | . . 5 24 Power 2 | . . . 2 Propulsion 12 | . . 2 10 Utility 2 | . . . 2 Weapon 13 | . . 3 10 Highest Loss Streak 15 | . . 3 15 Average Slot Usage (%) 91 | . 97 98 59 Engine 11 | . 14 11 4 Leg 29 | . 27 32 23 Device 10 | . 12 11 2 Storage 11 | . 14 11 9 Energy Gun 9 | . 10 7 10 Ballistic Gun 18 | . 16 23 6 Naked Turns . | . . . . Heaviest Build 35 | 12 28 34 35 Greatest Support 43 | 20 20 30 43 Greatest Overweight (x) 5 | 2 1 1 5 Average Overweight (x) . | . . . . Largest Inventory Capacity 10 | 6 10 10 10 Average Capacity 8 | 5 7 10 10 Most Carried 10 | 6 10 10 9 Average Carried 7 | 3 6 9 6 Final Capacity 10 | 6 10 10 10 Final Carried 10 | 6 10 10 6 Class Distribution -------------------- 50% | Mutant 20% | Scavenger-Mutant 19% | Scavenger-Gunner 10% | Gunner Dominant Class ---------------- Mutant | -10/Materials Scavenger-Gunner | -9/Materials Scavenger-Mutant | -8/Materials Resources | -11 -10 -9 -8 ----------- Run | Scr Mat Mat Mat Matter Collected 1186 | 228 155 576 227 Remotely . | . . . . Salvage Created 1725 | . 266 810 649 Parts 113 | . 27 63 23 Haulers Intercepted 1 | . . 1 . Recyclers Shooed 2 | . . . 2 Parts Field Recycled . | . . . . Retrieved Matter . | . . . . Parts Self-Destructed . | . . . . Prevented . | . . . . Kills | -11 -10 -9 -8 ------- Run | Scr Mat Mat Mat Combat Hostiles Destroyed 48 | . 10 27 11 Guns 36 | . 10 19 7 AOE 12 | . . 8 4 Classes Destroyed 8 | . 3 4 1 Worker 1 | . . . 1 Hauler 1 | . . 1 . Recycler 3 | . . 1 2 Operator 1 | . 1 . . Swarmer 19 | . 6 13 . Grunt 25 | . 4 10 11 Duelist 1 | . . 1 . Sentry 3 | . . 3 . Best Kill Streak 8 | . 3 7 8 Combat Bots Only 7 | . 3 6 7 Max Kills in Single Turn 4 | . 1 4 2 Gunslinging . | . . . . Exploded 4 | . . 4 2 Melee . | . . . . Uniques/NPCs Destroyed . | . . . . Combat | -11 -10 -9 -8 -------- Run | Scr Mat Mat Mat Damage Taken 3050 | . 247 801 2002 Core 718 | . 45 120 553 Absorbed by Shields . | . . . . Core Remaining (%) 84 | 100 82 70 . Volleys Fired 105 | . 21 48 36 Largest 3 | . 2 3 3 Hottest 195 | . 60 102 195 Shots Fired 241 | . 42 125 74 Gun 234 | . 42 121 71 Cannon . | . . . . Launcher 7 | . . 4 3 Special . | . . . . Kinetic 144 | . 27 89 28 Thermal 29 | . . 1 28 Explosive 7 | . . 4 3 Electromagnetic 61 | . 15 31 15 Robot Hit Streak 27 | . 8 10 27 Robot Miss Streak 5 | . 4 5 3 Penetration Max . | . . . . Secondary Targets 8 | . . 3 5 Max Gunslinging Chain 1 | . . 1 1 Shots Hit Robots 173 | . 26 84 63 Core Hits 103 | . 17 47 39 Critical Hits 2 | . . 1 1 Critical Kills . | . . . . Critical Parts Destroyed 2 | . . 1 1 Melee Attacks . | . . . . Impact . | . . . . Slashing . | . . . . Piercing . | . . . . Sneak Attacks . | . . . . Combat Hostiles . | . . . . Follow-up Attacks . | . . . . Damage Inflicted 3217 | . 355 1479 1383 Guns 2286 | . 355 1022 909 Cannons . | . . . . Explosions 930 | . . 457 473 Melee . | . . . . Ramming 1 | . . . 1 Kinetic 1332 | . 234 746 352 Thermal 436 | . . . 436 Explosive 811 | . . 457 354 Electromagnetic 637 | . 121 276 240 Impact . | . . . . Slashing . | . . . . Piercing . | . . . . Highest Corruption 3 | . 3 . 2 Average Corruption 2 | . 2 . 2 Corruption Purged . | . . . . Effects 7 | . 7 . . Message Errors 1 | . 1 . . Matter Fused 1 | . 1 . . Energy Discharges 3 | . 3 . . Data Loss (minor) 1 | . 1 . . Targeting Errors 1 | . 1 . . Overload Shots . | . . . . Overflow Damage 22 | . . 5 17 Projectiles . | . . . . Explosions 22 | . . 5 17 Melee . | . . . . Knockbacks . | . . . . Impact . | . . . . Kinetic . | . . . . Secondary . | . . . . Self-Inflicted Damage 123 | . . 30 93 Shots 5 | . . 1 4 Rammed 1 | . . . 1 Targets Rammed 1 | . . . 1 Kicked . | . . . . Crushed . | . . . . Highest Temperature 314 | . 79 112 314 Average Temperature 77 | . 29 33 110 Received Heat Transfer 1284 | . 66 228 990 Siege Activations . | . . . . Robots Corrupted . | . . . . Combat Hostiles . | . . . . Parts Fried 1 | . . 1 . Impact Corruptions . | . . . . Robots Melted . | . . . . Combat Hostiles . | . . . . Parts Melted . | . . . . Heat Transferred 853 | . . . 853 Parts Sabotaged . | . . . . Parts Stolen . | . . . . Parts Stripped . | . . . . Power Chain Reactions 1 | . . . 1 Missiles Intercepted . | . . . . Alert | -11 -10 -9 -8 ------- Run | Scr Mat Mat Mat Peak Influence 507 | . 198 507 198 Average Influence 198 | . 111 289 156 Maximum Alert Level 2 | . . 2 . Low Security (%) 66 | 100 100 30 100 Level 1 20 | . . 42 . Level 2 13 | . . 27 . Level 3 . | . . . . Level 4 . | . . . . Level 5 . | . . . . High Security . | . . . . Max Security . | . . . . Squads Dispatched 7 | . 2 3 2 Investigation 3 | . 1 2 . Extermination . | . . . . Reinforcement 4 | . 1 1 2 Assault . | . . . . Garrison . | . . . . Intercept . | . . . . Construction Impeded . | . . . . Haulers Reinforced . | . . . . Stealth | -11 -10 -9 -8 --------- Run | Scr Mat Mat Mat Distress Signals 3 | . 1 1 1 Communications Jammed . | . . . . Distress Signals . | . . . . Times Spotted 72 | . 19 31 22 Peak Tracking Total 9 | . 5 7 9 Tactical Retreats 2 | . 1 1 . Traps | -11 -10 -9 -8 ------- Run | Scr Mat Mat Mat Traps Triggered 6 | . 3 2 1 Indirectly . | . . . . Trap Hack Attempts . | . . . . Triggered . | . . . . Disarmed . | . . . . Reprogrammed . | . . . . Reused . | . . . . Traps Extracted . | . . . . Installed . | . . . . Triggered . | . . . . Machines | -11 -10 -9 -8 ---------- Run | Scr Mat Mat Mat Machines Disabled 1 | . . . 1 Max in Single Turn 1 | . . . 1 Machines Sabotaged . | . . . . Garrisons Compromised . | . . . . Overloaded Fab Kills . | . . . . Fab Network Shutdowns . | . . . . Hacking | -11 -10 -9 -8 --------- Run | Scr Mat Mat Mat Machines Accessed 10 | . 6 4 . Terminals 9 | . 6 3 . Fabricators . | . . . . Repair Stations . | . . . . Recycling Units . | . . . . Scanalyzers 1 | . . 1 . Garrison Access . | . . . . Total Hacks 31 | . 19 12 . Successful 15 | . 8 7 . Failed 15 | . 10 5 . Catastrophic 2 | . 1 1 . Database Lockouts 1 | . 1 . . Manual 29 | . 20 9 . Terminals 29 | . 19 10 . Fabricators . | . . . . Repair Stations . | . . . . Recycling Units . | . . . . Scanalyzers 2 | . . 2 . Garrison Access . | . . . . Terminal Hacks 5 | . 4 1 . Part Schematic 4 | . 4 . . Unreport Threat 1 | . . 1 . Fabricator Hacks . | . . . . Repair Station Hacks . | . . . . Recycling Unit Hacks . | . . . . Scanalyzer 2 | . . 2 . Insert Component 1 | . . 1 . Analyze 1 | . . 1 . Garrison Access Hacks . | . . . . Unauthorized Hacks 22 | . 10 12 . Terminals 8 | . 4 4 . Track 1 | . . 1 . Botnet 6 | . 4 2 . Operators 1 | . . 1 . Fabricators . | . . . . Repair Stations . | . . . . Recycling Units . | . . . . Scanalyzers . | . . . . Garrison Access . | . . . . Data Cores Recovered 1 | . 1 . . Used . | . . . . Hacking Detections 9 | . 6 3 . Full Trace Events . | . . . . Feedback Events . | . . . . Feedback Blocked . | . . . . Robot Schematics Acquired . | . . . . Robots Built . | . . . . Matter . | . . . . Time . | . . . . Total Robot Build Rating . | . . . . Part Schematics Acquired 4 | . 3 1 . Parts Built . | . . . . Matter . | . . . . Time . | . . . . Total Part Build Rating . | . . . . Parts Repaired . | . . . . Time . | . . . . Parts Recycled . | . . . . Recycled Matter . | . . . . Retrieved Matter . | . . . . Retrieved Components . | . . . . Parts Scanalyzed 1 | . . 1 . Part Schematics Acquired 1 | . . 1 . Parts Damaged . | . . . . Bothacking | -11 -10 -9 -8 ------------ Run | Scr Mat Mat Mat Used RIF Installer . | . . . . Robots Hacked . | . . . . Non-combat . | . . . . Combat . | . . . . Robot Hacks Applied . | . . . . Relay Couplers Released . | . . . . Robots Rewired . | . . . . Allies Hacked . | . . . . Hacks Repelled . | . . . . Allies | -11 -10 -9 -8 -------- Run | Scr Mat Mat Mat Total Allies . | . . . . Largest Group . | . . . . Highest-Rated Group . | . . . . Highest-Rated Ally . | . . . . Total Orders . | . . . . Ally Attacks . | . . . . Total Damage . | . . . . Kills . | . . . . Allies Corrupted . | . . . . Allies Melted . | . . . . Intel | -11 -10 -9 -8 ------- Run | Scr Mat Mat Mat Robot Analysis Total . | . . . . Derelict Logs Recovered . | . . . . Drone Launches . | . . . . Drone Recoveries . | . . . . Exploration | -11 -10 -9 -8 ------------- Run | Scr Mat Mat Mat Turns Passed 1703 | 77 561 819 246 Spaces Moved 902 | 52 348 422 80 Core 12 | 6 . . 6 Treads . | . . . . Legs 890 | 46 348 422 74 Wheels . | . . . . Hover . | . . . . Flight . | . . . . Fastest Speed 50 | 50 120 120 120 Average Speed 130 | 121 127 133 138 Slowest Speed 300 | 150 150 150 300 Overloaded Moves . | . . . . Propulsion Burnouts . | . . . . Robots Hopped . | . . . . Cave-ins Triggered . | . . . . Exploration Rate (%) 30 | 3 63 46 8 Regions Visited 3 Branch Regions . Pre-discovered Areas . | . . . . Known Exits Taken . | . . . . Unknown Exits Taken 3 | 1 1 1 . Scrap Searched . | . . . . Spaces Dug 7 | . . . 7 Terrain Destroyed 31 | . . 16 15 Melee . | . . . . Projectile . | . . . . AOE 31 | . . 16 15 Actions | -11 -10 -9 -8 --------- Run | Scr Mat Mat Mat Total 1219 | 63 432 580 144 Wait 107 | . 23 75 9 Move 899 | 51 347 421 80 Hop . | . . . . Pick Up 32 | 6 15 9 2 Fast Attach 26 | 6 6 4 10 Attach 12 | . . 6 6 Detach . | . . . . Swap 12 | . 4 8 . Drop 25 | . 16 9 . Fire 105 | . 21 48 36 Melee . | . . . . Ram 1 | . . . 1 Kick . | . . . . Crush . | . . . . Escape Stasis . | . . . . Rewire . | . . . . Trap . | . . . . Miscellaneous . | . . . . Route ------- -11/Scrapyard -10/Materials (discovered 2 exits: *Mat / [*Min]) -9/Materials -8/Materials History --------- Turn | Location | Event 7 | -11/Scrapyard | Discovered new exit (range 16) 78 | -11/Scrapyard | Entered Materials 262 | -10/Materials | Discovered new exit (range 10) 311 | -10/Materials | Build established: Mutant 334 | -10/Materials | Central database locked down 599 | -10/Materials | Discovered new exit (range 16) 639 | -10/Materials | Entered another Materials area 639 | -9/Materials | Evolved 2 slots: Propulsion x1, Weapon x1 1408 | -9/Materials | Lost 3 parts (3w) 1436 | -9/Materials | Discovered new exit (range 16) 1458 | -9/Materials | Entered another Materials area 1458 | -8/Materials | Evolved 2 slots: Propulsion x1, Utility x1 1568 | -8/Materials | Destroyed 7 combat bots 1628 | -8/Materials | Lost 15 parts (1p6n2u6w) 1684 | -8/Materials | Core integrity fell below 50% 1690 | -8/Materials | Core integrity fell below 20% 1704 | -8/Materials | Destroyed by G-47 Trooper with Particle Gun Last Messages --------------- 01662_ Lgt. Nuclear Core destroyed. 01662_ K-01 Serf collects debris. 01662_ K-01 Serf destroyed. 01662_ Destroyed Imp. Ion Engine. 01663_ Imp. Aluminum Leg destroyed. 01664_ G-47 Trooper destroyed. 01665_ L-31 Rogue destroyed. 01666_ Grenade Launcher destroyed. 01668_ Acquired 25 matter. 01670_ Aluminum Leg destroyed. 01672_ Triggered Shock Trap. 01672_ The floor emits a surge of raw power. 01672_ System corrupted (+2). 01678_ U-05 Engineer lays Concrete. 01678_ Aluminum Leg destroyed. 01680_ U-05 Engineer lays Concrete. 01682_ Aluminum Leg destroyed. 01682_ U-05 Engineer builds a Wall. 01690_ U-05 Engineer builds a Door. 01695_ Slammed into O-16 Technician. Map ----- +----------------------------------------------------+ | ?????????????????????????????????????????????????? | | ?????????????????????????????????????????????????? | | ?????????????????????????????????????????????????? | | ?????????????????????????????????????????????????? | | ?????????????????????????????????????????????????? | | ?????????????????????????????????????????????????? | | ?????????????????????????????????????????????????? | | ???????????????????????????????? ??????????????? | | ???????????????????????????????# #?????????????? | | ???????????????????????????????# #?????????????? | | ???????????????????????????????# #?????????????? | | ???????????????????????????????# #?"""?????????? | | ?????????????????############### # ??????????? | | ?????????????????# ## # ???????????? | | ?????????????????# ## + ????????????? | | ?????????????????# ## #?????????????? | | ?????????????????# ## #?????????????? | | ?????????????????# ## ##??????????### | | ?????????????????########+##### ###########!!# | | ???????????????????????# ! | | ???????????????????????# ^^ T ! | | ???????????????????????# l !!= ! | | ???????????????????????##g### #** %!####### ! | | ????????????????????????#g## ## ###???# !!# | | ????????????????????????#g## ! * #???# #### | | ????????????????????????#@## %%%! % #???# #??? | | ????????????????????????# ## * ! "" #???# #?## | | ????????????????????????# ### % "" #???# # | | ????????????????????????# #?# """ #???# # | | ????????????????????????# #?# " " #???# + | | ????????????????????????# #?# "R" #???# # ! | | ????????????????????????#+#?# """ * #???# # | | ????????????????????????????###########???# #?= | | ??????????????????????????????????????????#####?## | | ?????????????????????????????????????????????????? | | ?????????????????????????????????????????????????? | | ?????????????????????????????????????????????????? | | ?????????????????????????????????????????????????? | | ?????????????????????????????????????????????????? | | ?????????????????????????????????????????????????? | | ?????????????????????????????????????????????????? | | ?????????????????????????????????????????????????? | | ?????????????????????????????????????????????????? | | ?????????????????????????????????????????????????? | | ?????????????????????????????????????????????????? | | | | | | | | | | | +----------------------------------------------------+ Best States ------------- Heat Dissipation 51 Energy Generation 14 Energy Capacity 280 Matter Stores 300 Matter Capacity 300 Sight Range 16 Terrain Scan Density 10 Evasion (%) 40 Item Schematics ----------------- Hcp. Storage Unit | -10/Materials | Hacked Aluminum Leg | -10/Materials | Hacked Terrain Scanner | -10/Materials | Hacked Grenade Launcher | -9/Materials | Scanalyzed Robot Schematics ------------------ None Fabricated ------------ Nothing Alien Tech Used ----------------- None Achievements -------------- None Challenges ------------ None Game ------ Seed AssemblyShadeFilter Manual? 0 Play Time 00:27:17 Cumulative 46.9 hours Start 2019.11.26 @ 21:49:48 End 2019.11.26 @ 22:16:27 Sessions 1 Manual Loads 0 Difficulty Rogue Special Mode None Game No. 35 Rogue 35 Adventurer 0 Explorer 0 Win Type - Total 0 Types 0/0/0/0/0/0/0 Lore% 45 Gallery% 43 Achievement% 34 Wizard Run 0 Options --------- ASCII 1 Keyboard 1 Movement Numpad Keybinds 0 Fullscreen 1 Font 18/SmallcapsGlow Map View 76x50 Tactical HUD 1 Map Filters NONE Filters NONE Steam 0 RUN: fbee5c63-ebf8-4f2e-9118-d3f5a06e95cc